 Dungeon Crawl Stone Soup version 0.30-a0-462-gd5975efbca (webtiles) character file.

Game seed: 2706134822860392447

124852 funkygono the Eclecticist (level 16, -26/108 HPs)
             Began as a Demonspawn Fire Elementalist on Dec 16, 2022.
             Was a High Priest of Vehumet.
             Shot with a bolt by a yaktaur captain (43 damage)
             ... on level 14 of the Dungeon.
             The game lasted 01:21:41 (28013 turns).

funkygono the Eclecticist (DsFE)                   Turns: 28013, Time: 01:21:42

Health: -26/108    AC: 24    Str: 12    XL:     16   Next: 40%
Magic:  33/36      EV: 18    Int: 24    God:    Vehumet [*****.]
Gold:   3520       SH:  0    Dex: 10    Spells: 10/47 levels left

rFire   + . .      SeeInvis .    G - +5 morningstar (protect)
rCold   + . .      Faith    .    (no shield)
rNeg    . . .      Spirit   .    N - +2 steam dragon scales
rPois   +          Reflect  .    T - +0 hat
rElec   .          Harm     +    (cloak unavailable)
rCorr   .          Rampage  .    (no gloves)
Will    +....                    h - +3 pair of mountain boots {steadfast, rC+}
Stlth   +++.......               o - amulet of Ibbanuh {RegenMP Harm Fly Regen+ Dex-5}
HPRegen 1.18/turn                w - +4 ring of protection
MPRegen 0.65/turn                V - ring "Saejal" {rPois rF+ Str+4 Stlth+}

@: agile, sanguine armoured, flying
A: demonic guardian 3, powered by pain 1, sanguine armour 2, weakness stinger 3
a: Renounce Religion


You were on level 14 of the Dungeon.
You worshipped Vehumet.
Vehumet was extremely pleased with you.
You visited 4 branches of the dungeon, and saw 22 of its levels.
You also visited: Trove, Sewer, Ossuary, Bailey and Ice Cave.

You collected 4260 gold pieces.
You spent 740 gold pieces at shops.

Inventory:

Hand Weapons
 k - a +7 long sword
 G - a +5 morningstar of protection (weapon)
Armour
 h - the +3 pair of mountain boots (worn) {steadfast, rC+}
   (You acquired it on level 5 of the Dungeon)

   It prevents involuntary movement, except for blinking, teleportation, or
   banishment.
   rC:        It protects you from cold.
 N - +2 steam dragon scales (worn)
 T - a +0 hat (worn)
Jewellery
 g - the ring of Dishonesty {rCorr Int+4}
   (You found it in a treasure trove)

   [ring of resist corrosion]

   Int:       It affects your intelligence (+4).
   rCorr:     It protects you from acid and corrosion.
 o - the amulet of Ibbanuh (around neck) {RegenMP Harm Fly Regen+ Dex-5}
   (You found it in a treasure trove)

   [amulet of magic regeneration]

   It increases your rate of magic regeneration.
   Dex:       It affects your dexterity (-5).
   Fly:       It grants you flight.
   Regen:     It increases your rate of health regeneration.
   Harm:      It increases damage dealt and taken.
 w - a +4 ring of protection (left hand)
 P - a ring of protection from fire
 Q - the ring of Ysupu {Will+ rCorr Str+3 Dex+5}
   (You found it in a treasure trove)

   [ring of resist corrosion]

   Str:       It affects your strength (+3).
   Dex:       It affects your dexterity (+5).
   rCorr:     It protects you from acid and corrosion.
   Will:      It increases your willpower.
 R - a +4 ring of protection
 V - the ring "Saejal" (right hand) {rPois rF+ Str+4 Stlth+}
   (You found it in a treasure trove)

   [ring of protection from fire]

   Str:       It affects your strength (+4).
   rF:        It protects you from fire.
   rPois:     It protects you from poison.
   Stlth:     It makes you more stealthy.
 W - a ring of see invisible
 X - the amulet "Vojujocs" {rPois Regen+ Dex+2 Stlth+}
   (You found it in a treasure trove)

   [amulet of regeneration]

   Dex:       It affects your dexterity (+2).
   rPois:     It protects you from poison.
   Regen:     It increases your rate of health regeneration.
   Stlth:     It makes you more stealthy.
 Z - the amulet "Vemoim" {Reflect rElec rC- rCorr SH+5}
   (You found it in a treasure trove)

   [amulet of reflection]

   It reflects blocked missile attacks.
   rC:        It makes you vulnerable to cold.
   rElec:     It insulates you from electricity.
   rCorr:     It protects you from acid and corrosion.
   SH:        It affects your SH (+5).
Wands
 q - a wand of light (15)
 C - a wand of digging (19)
 E - a wand of iceblast (15)
Scrolls
 a - 2 scrolls of fog
 e - 9 scrolls of teleportation
 f - 8 scrolls of identify
 i - a scroll of poison
 l - a scroll of enchant weapon
 m - a scroll of brand weapon
 r - 8 scrolls of amnesia
 v - 2 scrolls of blinking
 A - a scroll of butterflies
 M - 5 scrolls of fear
Potions
 b - 2 potions of magic
 c - a potion of flight
 d - 4 potions of heal wounds
 j - 15 potions of curing
 n - a potion of berserk rage
 p - 3 potions of resistance
 u - 6 potions of brilliance
 z - 12 potions of haste
 B - 6 potions of might
 H - 2 potions of ambrosia
 I - 3 potions of invisibility
Miscellaneous
 D - a piece from Xom's chessboard (15/15)


   Skills:
 + Level 4.6 Fighting
 + Level 4.3 Maces & Flails
 + Level 5.8 Dodging
 - Level 1.7 Stealth
 + Level 4.2 Shields
 + Level 16.4 Spellcasting
 + Level 9.6 Conjurations
 + Level 5.7 Transmutations
 + Level 13.1 Fire Magic
 + Level 0.2 Ice Magic
 + Level 0.2 Earth Magic
 + Level 11.2 Poison Magic


You had 10 spell levels left.
You knew the following spells:

 Your Spells              Type           Power      Damage    Failure   Level
a - Foxfire               Conj/Fire      100%       2x1d9     1%          1
b - Scorch                Fire           100%       2d10      0%          2
c - Kindle Blastsparks    Fire/Tloc/Air  80%        2d16      1%          3
d - Flame Wave            Conj/Fire      65%        2d15      1%          4
e - Sting                 Tmut/Pois      100%       1d8       1%          1
f - Olgreb's Toxic Radia  Pois           65%        N/A       1%          4
g - Ignite Poison         Fire/Tmut/Pois 61%        N/A       1%          3
h - Magic Dart            Conj           100%       1d8       1%          1
i - Sandblast             Erth           40%        2d10      1%          1
j - Starburst             Conj/Fire      32%        6d10      1%          6
k - Hailstorm             Conj/Ice       43%        3d10      1%          3
l - Fireball              Conj/Fire      32%        3d14      1%          5
m - Stone Arrow           Conj/Erth      86%        3d12      1%          3

Your spell library contained the following spells:

 Spells                   Type           Power      Damage    Failure   Level
 Freezing Cloud           Conj/Ice/Air   17%        6-21      5%          5
 Cigotuvi's Dreadful Rot  Necr/Pois/Air  74%        N/A       1%          2
 Poisonous Vapours        Pois/Air       92%        N/A       1%          2
 Dazzling Flash           Conj/Hex       84%        N/A       1%          3
 Inner Flame              Hex/Fire       50%        N/A       1%          3
 Mephitic Cloud           Conj/Pois/Air  52%        N/A       1%          3
 Fulminant Prism          Conj/Hex       21%        3d12      1%          4
 Iskenderun's Mystic Bla  Conj/Tloc      42%        2d10      1%          4
 Iskenderun's Battlesphe  Conj           60%        2d11      1%          5
 Frozen Ramparts          Ice            40%        1d7       2%          3
 Lightning Bolt           Conj/Air       21%        1d36      3%          5
 Airstrike                Air            9%         2d(2-18)  7%          4
 Blade Hands              Tmut           23%        N/A       7%          5
 Yara's Violent Unravell  Hex/Tmut       16%        3d8       7%          5
 Ice Form                 Ice/Tmut       34%        N/A       8%          4
 Portal Projectile        Hex/Tloc       38%        N/A       9%          3
 Summon Guardian Golem    Hex/Summ       19%        N/A       9%          3
 Tukima's Dance           Hex            19%        N/A       9%          3
 Orb of Destruction       Conj           30%        9d10      12%         7
 Lee's Rapid Deconstruct  Erth           10%        3d8*      17%         5
 Animate Armour           Summ/Erth      40%        N/A       26%         4
 Manifold Assault         Tloc           19%        N/A       26%         4
 Summon Ice Beast         Ice/Summ       20%        N/A       26%         4
 Summon Lightning Spire   Summ/Air       19%        N/A       26%         4
 Agony                    Necr           19%        N/A       58%         5
 Silence                  Hex/Air        9%         N/A       58%         5
 Spellforged Servitor     Conj/Summ      21%        N/A       58%         7
 Statue Form              Tmut/Erth      22%        N/A       77%         6
 Dispersal                Tloc           9%         N/A       99%         6
 Lehudib's Crystal Spear  Conj/Erth      21%        10d6      99%         8
 Disjunction              Tloc           9%         N/A       100%        8


Dungeon Overview and Level Annotations

Branches:
Dungeon (14/15)            Temple (1/1) D:4            Lair (5/5) D:11
 Shoals (0/4) Lair:2       Spider (0/4) Lair:3        Slime (0/5) Lair:5
    Orc (2/2) D:11            Elf (0/3) Orc:2        Vaults (0/5) D:14
  Sewer (visited)         Ossuary (visited)          Bailey (visited)
  IceCv (visited)

Altars:
Ashenzari
Cheibriados
Dithmenos
Fedhas
Gozag
Hepliaklqana
Kikubaaqudgha
Makhleb
Nemelex Xobeh
Okawaru
Qazlal
Ru
Sif Muna
Trog
Uskayaw
Vehumet
Wu Jian
Xom
Yredelemnul
Jiyva

Shops:
D:9 *   D:10 *   D:14 [   Orc:2 *((:[**[

Annotations:
Lair:3 2 transporters, exclusion: ice statue, HoaS's ghost, journeyman GrHu
Lair:5 1 runed translucent door


Innate Abilities, Weirdness & Mutations

A powerful demonic guardian rushes to your aid.
You sometimes gain a little power by taking damage.
When seriously injured, your blood forms thick armour. (AC +9)
You have a sharp stinger which inflicts weakening toxins.


Message History

The electric eel is moderately wounded.
The electric eel is engulfed in a cloud of scalding steam.
The tengu reaver gestures at you while chanting.
The bolt of cold hits you! You resist.
Casting: Foxfire (safe; 1% risk of failure)
Confirm with . or Enter, or press ? or * to list all spells.
You conjure some foxfire!
The foxfire hits the polar bear.
The polar bear is moderately wounded.
The foxfire hits the polar bear.
The polar bear is moderately wounded.
The electric eel is engulfed in a cloud of scalding steam.
You kill the electric eel!
Vehumet accepts your kill.
You feel your power returning.
The foxfire hits the polar bear but does no damage.
The polar bear is moderately wounded.
Casting: Foxfire (safe; 1% risk of failure)
Confirm with . or Enter, or press ? or * to list all spells.
You conjure some foxfire!
The foxfire hits the polar bear.
The polar bear is moderately wounded.
The foxfire hits the polar bear.
The polar bear is heavily wounded.
Unknown command.
Casting: Foxfire (safe; 1% risk of failure)
Confirm with . or Enter, or press ? or * to list all spells.
Flames lash the tengu reaver.
The tengu reaver resists.
The tengu reaver is lightly wounded.
The tengu reaver's fire resistance burns away.
The polar bear changes into a spriggan!
The foxfire hits the spriggan but does no damage.
The foxfire hits the spriggan.
The spriggan is lightly wounded.
The tengu reaver gestures at you while chanting.
The bolt of lightning hits you!!
* * * LOW HITPOINT WARNING * * *
A demonic guardian appears!
You focus on the pain.
You feel agile all of a sudden.
The bolt of lightning hits your hell beast!!
The yaktaur captain shoots a bolt.
The bolt hits you!!!
You die...

#....##..≈≈≈..#
#.....#.≈≈.≈≈.#
≈≈≈$
#...<.#..~≈≈..#
≈≈[.
#####.##..≈..##
≈≈≈$$ #####...##
≈≈≈c. ##'##
.Q≈§≈$ ##..?##
#..≈≈≈≈
##..≈..###....≈≈≈
#..≈≈≈..#@i....≈≈
#.≈≈8≈≈2§........
#################


You could see a tengu reaver (combustible, ally target), a yaktaur captain, a
spriggan shaped shifter and a friendly hell beast (summoned).

Vanquished Creatures
  Rupert (Lair:4)
  2 azure jellies (IceCv)
  An orc warlord (Orc:2)
  3 hydras
  3 boulder beetles
  Erica (D:9)
  8 two-headed ogres
  A dancing weapon (D:14)
  4 centaur warriors
  4 death yaks (Lair:2)
  2 orc high priests
  A tengu warrior (D:13)
  3 skeletal warriors (D:11)
  Sonja (Lair:4)
  Lodul (D:13)
  A glowing orange brain (D:14)
  A lindwurm (Lair:5)
  2 deep elf pyromancers (D:14)
  2 orc knights
  4 oklob plants
  An orc sorcerer (Orc:2)
  6 ugly things
  8 cyclopes
  3 manticores
  2 molten gargoyles
  14 elephants
  3 black mambas
  A merfolk siren (Lair:2)
  10 cane toads
  2 ice statues (IceCv)
  Maggie (Lair:1)
  A gargoyle (D:10)
  6 rime drakes
  11 komodo dragons
  A kobold demonologist (D:14)
  A freezing wraith (D:10)
  A rime drake (shapeshifter) (D:14)
  A tengu conjurer (D:13)
  11 trolls
  3 polar bears
  Grinder (Sewer)
  25 blink frogs
  A hornet (D:10)
  4 dream sheep (Lair:3)
  31 slime creatures
  Sigmund (D:3)
  2 vampires (D:10)
  4 shadows
  36 yaks
  11 wyverns
  4 wraiths
  4 basilisks
  4 steam dragons
  4 vampire mosquitoes
  8 wargs
  15 water moccasins
  An acid dragon (D:13)
  4 hell hounds (Lair:5)
  2 black bears
  A sky beast (D:6)
  A great orb of eyes simulacrum (IceCv)
  14 ogres
  36 orc warriors
  7 wolves
  A boggart (D:10)
  2 phantoms
  13 centaurs
  5 slime creature simulacra (IceCv)
  5 kobold brigands
  16 bullfrogs
  2 gnoll sergeants
  5 scorpions
  2 glowing shapeshifter simulacra (IceCv)
  4 wights
  5 killer bees (D:10)
  An electric eel (D:14)
  6 howler monkeys
  5 lava snakes
  6 jellies
  24 orc priests
  A gnoll bouda (D:9)
  4 hounds
  Jessica (D:3)
  31 orc wizards
  Natasha (twice) (D:3)
  6 iguanas
  7 shapeshifter simulacra (IceCv)
  8 mummies (Ossuary)
  23 gnolls
  7 adders
  A shadow imp (D:6)
  7 ufetubi
  5 worms
  4 dart slugs
  100 orcs
  5 bats
  2 bat zombies (Sewer)
  4 endoplasms
  9 giant cockroaches
  A gnoll zombie (Ossuary)
  10 hobgoblins
  10 jackals
  5 quokkas
  9 ball pythons
  4 frilled lizards
  16 goblins
  2 hobgoblin zombies (Ossuary)
  41 kobolds
  3 kobold zombies
  3 orc zombies (Ossuary)
  6 rats
793 creatures vanquished.

Vanquished Creatures (collateral kills)
  A fire dragon (Lair:5)
  A dancing weapon (D:13)
  2 slime creatures (D:14)
  2 oklob plants (Lair:4)
  A black mamba (Lair:5)
  2 cane toads
  A molten gargoyle (Lair:5)
  A rime drake (Lair:5)
  2 komodo dragons (Lair:5)
  A fire elemental (Lair:3)
  A wyvern (D:10)
  A kobold brigand (D:8)
  A killer bee (D:10)
  A lava snake (Lair:5)
  2 orcs
  A bush (Lair:4)
  11 foxfires
32 creatures vanquished.

Vanquished Creatures (others)
  A butterfly (D:9)
  1828 foxfires
  30 fungi
  37 plants
1896 creatures vanquished.

Grand Total: 2721 creatures vanquished

Notes
Turn   | Place    | Note
-------+----------+-------------------------------------------
     0 | D:1      | funkygono the Demonspawn Fire Elementalist began the quest
                  | for the Orb.
     0 | D:1      | Reached XP level 1. HP: 13/13 MP: 3/3
   365 | D:1      | Gained mutation: A weak demonic guardian rushes to your
                  | aid. [demonic ancestry]
   365 | D:1      | Reached XP level 2. HP: 19/19 MP: 1/5
   763 | D:1      | Found a faded altar of an unknown god.
  1197 | D:2      | Reached XP level 3. HP: 24/24 MP: 0/6
  1648 | D:2      | Learned a level 2 spell: Scorch
  1802 | D:2      | Gained mutation: A demonic guardian rushes to your aid.
                  | [demonic ancestry]
  1802 | D:2      | Reached XP level 4. HP: 23/30 MP: 3/7
  2468 | D:3      | Noticed Sigmund
  2474 | D:3      | Killed Sigmund
  2475 | D:3      | Reached skill level 3 in Spellcasting
  2475 | D:3      | Gained mutation: When seriously injured, your blood forms
                  | armour. (AC +9) [demonic ancestry]
  2475 | D:3      | Reached XP level 5. HP: 13/36 MP: 0/10
  2744 | D:3      | Noticed Jessica
  2751 | D:3      | Killed Jessica
  2752 | D:3      | Gained mutation: You sometimes gain a little power by
                  | taking damage. [demonic ancestry]
  2752 | D:3      | Reached XP level 6. HP: 21/42 MP: 7/11
  3077 | D:3      | Noticed Natasha
  3081 | D:3      | Killed Natasha
  3093 | D:3      | Reached skill level 4 in Spellcasting
  3106 | D:3      | Noticed Natasha
  3112 | D:3      | Killed Natasha
  4041 | D:4      | Found a staircase to the Ecumenical Temple.
  4052 | D:4      | Found a stormy altar of Qazlal.
  4060 | D:4      | Found a sand-covered staircase.
  4068 | Ossuary  | Entered an ossuary
  4085 | Ossuary  | Gained mutation: You have a small tail. [demonic ancestry]
  4085 | Ossuary  | Reached XP level 7. HP: 47/47 MP: 4/14
  4329 | Ossuary  | Reached skill level 5 in Fire Magic
  4710 | Temple   | Entered the Ecumenical Temple
  5423 | D:4      | Learned a level 4 spell: Flame Wave
  5427 | D:4      | Learned a level 3 spell: Kindle Blastsparks
  5429 | D:4      | Learned a level 1 spell: Sting
  5465 | D:5      | Entered Level 5 of the Dungeon
  5536 | D:5      | Found a glowing drain.
  5542 | Sewer    | Entered a sewer
  5729 | Sewer    | Found an ancient bone altar of Kikubaaqudgha.
  5739 | Sewer    | Reached skill level 5 in Spellcasting
  5999 | Sewer    | Noticed Grinder
  6015 | Sewer    | Killed Grinder
  6016 | Sewer    | Gained mutation: You have a tail ending in a sharp stinger.
                  | [demonic ancestry]
  6016 | Sewer    | Reached XP level 8. HP: 41/53 MP: 3/16
  6314 | D:5      | Reached skill level 1 in Fighting
  6320 | D:5      | Reached skill level 6 in Spellcasting
  6543 | D:5      | Reached skill level 1 in Maces & Flails
  6543 | D:5      | Reached skill level 1 in Shields
  6805 | D:5      | Found a burning altar of Makhleb.
  7656 | D:5      | Identified 3 scrolls of acquirement
  7657 | D:5      | Acquired the +3 pair of mountain boots {steadfast, rC+}
  7657 | D:5      | Found the +3 pair of mountain boots {steadfast, rC+}
  7664 | D:5      | Acquired the Incunable of Lethal Transmigration
  7666 | D:5      | Acquired 986 gold pieces
  7676 | D:5      | Learned a level 4 spell: Olgreb's Toxic Radiance
  7758 | D:6      | Reached skill level 7 in Spellcasting
  7802 | D:6      | Reached XP level 9. HP: 59/59 MP: 3/19
  8137 | D:6      | Found an ornate altar of the Wu Jian Council.
  8274 | D:6      | Reached skill level 5 in Conjurations
  8489 | D:6      | Found an iron altar of Okawaru.
  8931 | D:6      | Reached skill level 8 in Spellcasting
  9272 | D:7      | Found a basalt altar of Yredelemnul.
  9703 | D:7      | Found a blossoming altar of Fedhas.
 10490 | D:8      | Reached skill level 1 in Poison Magic
 11062 | D:8      | Found an opulent altar of Gozag.
 11500 | D:9      | Reached XP level 10. HP: 65/65 MP: 16/22
 11755 | D:9      | Found Koxytwose's Serpentskin Sales.
 11776 | D:9      | Bought the Volume of Toxicity for 308 gold pieces
 11781 | D:9      | Learned a level 3 spell: Ignite Poison
 11914 | D:9      | Noticed Erica
 11929 | D:9      | HP: 3/65 [something/bolt of poison (36)]
 11933 | D:9      | Killed Erica
 11934 | D:9      | Reached skill level 9 in Spellcasting
 12824 | D:9      | Found an ancient bone altar of Kikubaaqudgha.
 12829 | D:9      | Found a shimmering blue altar of Sif Muna.
 12831 | D:9      | Found a radiant altar of Vehumet.
 12837 | D:9      | Became a worshipper of Vehumet
 13264 | D:10     | Entered Level 10 of the Dungeon
 13406 | D:10     | Found a flagged portal.
 13415 | Bailey   | Entered a bailey
 14304 | D:10     | Noticed a two-headed ogre
 14327 | D:10     | Reached * piety under Vehumet
 14327 | D:10     | Offered knowledge of Magic Dart by Vehumet.
 14342 | D:10     | Killed a two-headed ogre
 14343 | D:10     | Reached skill level 5 in Poison Magic
 14418 | D:10     | Learned a level 1 spell: Magic Dart
 14695 | D:10     | Found Qoabecs's General Store.
 14822 | D:10     | Found a sparkling altar of Nemelex Xobeh.
 14877 | D:10     | Noticed a two-headed ogre
 14880 | D:10     | Gained mutation: You have a sharp stinger which inflicts
                  | weakening toxins. [demonic ancestry]
 14880 | D:10     | Reached XP level 11. HP: 61/70 MP: 12/24
 14881 | D:10     | Reached skill level 10 in Spellcasting
 14883 | D:10     | Killed a two-headed ogre
 15138 | D:10     | Reached ** piety under Vehumet
 15201 | D:10     | Reached skill level 1 in Transmutations
 15221 | D:10     | Offered knowledge of Sandblast by Vehumet.
 15224 | D:10     | Noticed a two-headed ogre
 15248 | D:10     | Killed a two-headed ogre
 15557 | D:10     | Noticed a two-headed ogre
 15562 | D:10     | Killed a two-headed ogre
 15827 | D:10     | Reached skill level 11 in Spellcasting
 16091 | D:10     | Noticed a two-headed ogre
 16096 | D:10     | Killed a two-headed ogre
 16360 | D:10     | Noticed an orc knight
 16366 | D:10     | Killed an orc knight
 16507 | D:10     | Gained mutation: When seriously injured, your blood forms
                  | thick armour. (AC +9) [demonic ancestry]
 16507 | D:10     | Reached XP level 12. HP: 78/78 MP: 27/27
 16566 | D:10     | Reached skill level 10 in Fire Magic
 16566 | D:10     | Gained mutation: A powerful demonic guardian rushes to your
                  | aid. [demonic ancestry]
 16566 | D:10     | Reached XP level 13. HP: 86/86 MP: 28/28
 16567 | D:10     | Reached skill level 5 in Dodging
 16567 | D:10     | Reached XP level 14. HP: 95/95 MP: 29/29
 16570 | D:10     | Learned a level 1 spell: Sandblast
 16577 | D:10     | Learned a level 6 spell: Starburst
 16952 | D:11     | Found a staircase to the Orcish Mines.
 16955 | D:11     | Found a portal to a secret trove of treasure.
 16964 | Trove    | Entered a treasure trove
 16972 | Trove    | Identified the ring of Ysupu {Will+ rCorr Str+3 Dex+5}
 16981 | Trove    | Identified the ring "Kasmi" {rN+ Will+ Dex+6 Stlth-}
 16983 | Trove    | Identified the ring "Saejal" {rPois rF+ Str+4 Stlth+}
 16987 | Trove    | Identified the amulet "Vojujocs" {rPois Regen+ Dex+2
                  | Stlth+}
 16991 | Trove    | Identified the amulet "Vemoim" {Reflect rElec rC- rCorr
                  | SH+5}
 16993 | Trove    | Identified the amulet of Ibbanuh {RegenMP Harm Fly Regen+
                  | Dex-5}
 16994 | Trove    | Identified the ring of Dishonesty {rCorr Int+4}
 17190 | D:11     | Reached skill level 12 in Spellcasting
 17215 | D:11     | Found a sacrificial altar of Ru.
 17309 | D:11     | Found a staircase to the Lair.
 18873 | Lair:1   | Entered Level 1 of the Lair of Beasts
 18882 | Lair:1   | Reached skill level 13 in Spellcasting
 18960 | Lair:1   | Noticed Maggie
 19003 | Lair:1   | Killed Maggie
 20204 | Lair:2   | Found a staircase to the Shoals.
 20484 | Lair:3   | Offered knowledge of Dazzling Flash by Vehumet.
 20618 | Lair:3   | Noticed HoaS's ghost (journeyman GrHu)
 20656 | Lair:3   | Found a transporter.
 20675 | Lair:3   | Found a transporter.
 20689 | Lair:3   | Reached skill level 14 in Spellcasting
 20691 | Lair:3   | Reached *** piety under Vehumet
 20811 | Lair:3   | Reached XP level 15. HP: 100/101 MP: 21/33
 20872 | Lair:3   | Found a hole to the Spider Nest.
 21567 | Lair:4   | Offered knowledge of Hailstorm by Vehumet.
 21572 | Lair:4   | Learned a level 3 spell: Hailstorm
 21823 | Lair:4   | Noticed Sonja
 21828 | Lair:4   | Killed Sonja
 22153 | Lair:4   | Noticed Rupert
 22163 | Lair:4   | Killed Rupert
 22451 | Lair:5   | Entered Level 5 of the Lair of Beasts
 22458 | Lair:5   | Reached **** piety under Vehumet
 22529 | Lair:5   | Offered knowledge of Sticky Flame by Vehumet.
 22587 | Lair:5   | Found a frozen archway.
 22589 | Lair:5   | Found a runed translucent door.
 22594 | Lair:5   | Reached skill level 5 in Transmutations
 22604 | IceCv    | Entered an ice cave
 22958 | IceCv    | Reached skill level 15 in Spellcasting
 22991 | IceCv    | Found a viscous altar of Jiyva.
 22991 | IceCv    | Noticed an azure jelly
 22996 | IceCv    | Killed an azure jelly
 22997 | IceCv    | Noticed an azure jelly
 23004 | IceCv    | Killed an azure jelly
 23057 | IceCv    | Got the ring "Noshoikhi" {Ice rElec rPois}
 23150 | IceCv    | Reached ***** piety under Vehumet
 23156 | IceCv    | Offered knowledge of Ozocubu's Refrigeration by Vehumet.
 23418 | Lair:5   | Found a viscous altar of Jiyva.
 23419 | Lair:5   | Found a staircase to the Slime Pits.
 23699 | Lair:5   | Reached skill level 10 in Poison Magic
 23932 | Lair:5   | Found a large runed translucent door.
 23932 | Lair:5   | Found a large runed translucent door.
 24998 | Orc:1    | Entered Level 1 of the Orcish Mines
 25071 | Orc:1    | Found a radiant altar of Vehumet.
 25332 | Orc:1    | Offered knowledge of Fireball by Vehumet.
 25621 | Orc:2    | Entered Level 2 of the Orcish Mines
 25778 | Orc:2    | Found Zicled's Antique Armour Emporium.
 25781 | Orc:2    | Found Neifiz's General Store.
 25822 | Orc:2    | Found a staircase to the Elven Halls.
 26000 | Orc:2    | Found Icvaofol's Book Boutique.
 26013 | Orc:2    | Bought a book of Armaments for 432 gold pieces
 26019 | Orc:2    | Learned a level 5 spell: Fireball
 26026 | Orc:2    | Found Doler's Assorted Antiques.
 26268 | Orc:2    | Found Piskid's Assorted Antiques.
 26306 | Orc:2    | Found Adohemmo's Antique Weapon Shop.
 26362 | Orc:2    | Offered knowledge of Freezing Cloud by Vehumet.
 26367 | Orc:2    | Reached XP level 16. HP: 103/108 MP: 6/35
 26443 | Orc:2    | Found Wiatelot's Antique Armour Shop.
 26448 | Orc:2    | Found Puagism's Antique Weapon Boutique.
 26626 | Orc:2    | Learned a level 3 spell: Stone Arrow
 26869 | D:13     | Noticed Lodul
 26873 | D:13     | Killed Lodul
 26874 | D:13     | Reached skill level 16 in Spellcasting
 27466 | D:14     | Found Xynequawk's Antique Armour Boutique.
 27496 | D:14     | Found a blossoming altar of Fedhas.
 27615 | D:14     | Found a gate to the Vaults.
 28006 | D:14     | Noticed a tengu reaver
 28013 | D:14     | Shot with a bolt by a yaktaur captain

Illustrated notes

Levels and vault maps discovered:
D:1:      dpeg_arrival_oval, layout_loops_ring, ebering_ecumenical_altar_webs
D:2:      layout_basic, minmay_goblin_outpost
D:3:      layout_basic, minmay_misc_feat_tiny, uniq_natasha, uniq_sigmund,
          uniq_jessica
D:4:      layout_basic, old_standard_altar, nicolae_qazlal_general_emergency,
          minmay_temple_entry_grid, serial_aquarium,
          aquarium_bridge_long_separate [aquarium_subvault_bridge,
          aquarium_subvault_window, aquarium_subvault_bridge,
          aquarium_subvault_bridge, aquarium_subvault_bridge,
          aquarium_subvault_wall], aquarium_window_2, aquarium_window_1,
          aquarium_view_2b, aquarium_balcony_3b, aquarium_pool_five,
          chequers_ossuary_entry_cave
D:5:      minmay_angry_zag, layout_loops_corners,
          nicolae_overflow_hidden_temple, gup_sewer_entry_pipe,
          kennysheep_generic_room_10
D:6:      layout_basic, old_standard_altar, mainiacjoe_overflow_24_doors,
          minivault_24, minmay_parallelograms
D:7:      layout_loops_ring, mainiacjoe_overflow_tiny_flanked,
          lemuel_coloured_pillars_altar, serial_co_window_serial,
          co_window_paths_a, co_window_paths_b, co_window_of_opportunity_a,
          co_window_corner_a, co_window_paths_b, co_window_cross_2,
          co_window_paths_c, co_window_broadway_a, glass_columns_b,
          glass_columns_a, minmay_misc_feat_chi, grunt_ministairs_2
D:8:      layout_gridville, nicolae_gozag_seed_capital
D:9:      layout_layer_cave, grunt_temple_overflow_magic_moments,
          nicolae_elyvilon_peaceful_grove, guppyfry_shop_venom, uniq_erica
D:10:     minmay_quarter_circles, layout_small_grid, nemelex_spade_bored_becter,
          serial_shops, nicolae_shop_crystal, enter_bailey_6
D:11:     layout_irregular_city, dpeg_oklobed_lair, orc_0_dummy,
          nicolae_trove_entry_diagonal, nicolae_ru_awakened_eye
D:12:     layout_grid_maze, serial_glass, glass_columns_a, glass_columns_b,
          glass_columns_c, glass_columns_c, glass_columns_b, glass_columns_a
D:13:     layout_rooms, uniq_lodul
D:14:     kennysheep_water_balloons, layout_layer_cave, erik_vaults_1,
          fedhas_altar_2, serial_shops, shop
Temple:   nicolae_temple_bog_church
Lair:1:   layout_gridlike, lemuel_fruit_tree, uniq_maggie
Lair:2:   layout_concentric_octagons, minmay_shoals_entry_lonely_mermaid,
          grunt_forest_small_clearings, grunt_megastairs_5,
          infiniplex_staircase_pool
Lair:3:   layout_gridlike, nicolae_spider_entry_non_spiders, nzn_ghost_randoct,
          nicolae_quartered_pool_impasse
Lair:4:   layout_cave_pods, dpeg_oklob_1, uniq_sonja, uniq_rupert
Lair:5:   cheibrodos_lair_end_hotspot, layout_layer_cave, slime_entry_2,
          portal_ice_cave_rime, serial_bayou_shore_b,
          infiniplex_staircase_pool_2
Orc:1:    minmay_goldmine, layout_caves, basic_altar
Orc:2:    grunt_orc_community_town_hall, layout_caves,
          grunt_orc_community_big_house_2, grunt_orc_community_big_house_1,
          grunt_orc_community_house_2, grunt_orc_community_house_1,
          grunt_orc_community_house_3, grunt_orc_community_house_3,
          grunt_orc_community_house_1, serial_shops, nicolae_shop_hallway_plus,
          nicolae_shop_trees, shop, shop

Skill      XL: |  1  2  3  4  5  6  7  8  9 10 11 12 13 14 15 16 |
---------------+-------------------------------------------------+-----
Fire Magic     | 3 4 5 6 7 8 9 10 11 12 13 | 13.1
Dodging        | 2 3 4 5 |  5.8
Conjurations   | 2 3 4 5 6 7 8 9 |  9.6
Spellcasting   | 3 4 5 7 8 9 11 14 15 16 | 16.4
Fighting       | 1 2 3 4 |  4.6
Maces & Flails | 1 3 4 |  4.3
Shields        | 1 2 3 4 |  4.2
Poison Magic   | 2 5 6 7 8 9 10 11 | 11.2
Transmutations | 1 2 3 4 5 |  5.7
Stealth        | |  1.7
Ice Magic      | |  0.2
Earth Magic    | |  0.2

Action                   |  1- 3 |  4- 6 |  7- 9 | 10-12 | 13-15 | 16-18 || total
-------------------------+-------+-------+-------+-------+-------+-------++-------
Melee: Whip              |     9 |     9 |     8 |       |       |       ||    26
       Morningstar       |       |       |    13 |    43 |    93 |    17 ||   166
       Tailslap          |       |       |     4 |     9 |    23 |     1 ||    37
       Punch             |       |       |       |       |     2 |       ||     2
 Cast: Foxfire           |    68 |    92 |   295 |   113 |   427 |    49 ||  1044
       Scorch            |     2 |    18 |    53 |    59 |   135 |    11 ||   278
       Flame Wave        |       |       |     5 |     9 |     6 |     2 ||    22
       Olgreb's Toxic Ra |       |       |     1 |    40 |   115 |    34 ||   190
       Ignite Poison     |       |       |       |    29 |   130 |    40 ||   199
       Starburst         |       |       |       |       |    48 |    10 ||    58
       Magic Dart        |       |       |       |       |     9 |       ||     9
       Sandblast         |       |       |       |       |     2 |       ||     2
       Hailstorm         |       |       |       |       |    13 |       ||    13
Evoke: Wand              |       |       |       |       |     1 |       ||     1
  Use: Scroll            |       |       |    24 |     5 |     8 |       ||    37
       Potion            |       |       |     2 |     6 |     1 |     2 ||    11
Armor: Robe              |    12 |     3 |    36 |    48 |     6 |       ||   105
       Steam dragon scal |       |       |       |       |   100 |    22 ||   122
Dodge: Dodged            |    51 |    14 |    55 |    92 |   170 |    29 ||   411
Block: Other             |       |       |    21 |    32 |     2 |       ||    55
       Reflection        |       |       |     3 |       |       |       ||     3

Table legend: (Time is in decaauts)
 A = Elapsed time spent in this place.
 B = Non-inter-level travel time spent in this place.
 C = Inter-level travel time spent in this place.
 D = Time resting spent in this place.
 E = Time spent auto-exploring this place.
 F = Levels seen in this place.
 G = Mean time per level.
                   A        B        C        D        E       F      G
               +--------+--------+--------+--------+--------+-----+--------+
         Total |  28154 |  27334 |    820 |   1503 |  20368 |  27 | 1042.7 |
       Dungeon |  18437 |  17897 |    540 |    743 |  13959 |  14 | 1316.9 |
        Temple |    199 |    183 |     16 |      0 |    174 |   1 |  199.0 |
          Lair |   5253 |   5019 |    234 |    117 |   3875 |   5 | 1050.6 |
  Orcish Mines |   1641 |   1612 |     29 |      0 |   1305 |   2 |  820.5 |
         Trove |     50 |     50 |      0 |      0 |      0 |   1 |   50.0 |
         Sewer |    768 |    768 |      0 |     64 |    497 |   1 |  768.0 |
       Ossuary |    464 |    464 |      0 |    136 |    217 |   1 |  464.0 |
        Bailey |    669 |    669 |      0 |    318 |     74 |   1 |  669.0 |
      Ice Cave |    668 |    668 |      0 |    125 |    267 |   1 |  668.0 |
               +--------+--------+--------+--------+--------+-----+--------+

Top non-repeatable levels by time:
    D:10: 2751 daAuts
     D:9: 2029 daAuts
  Lair:5: 1694 daAuts
     D:5: 1532 daAuts
    D:11: 1473 daAuts
     D:1: 1338 daAuts
     D:6: 1246 daAuts
     D:4: 1246 daAuts
     D:3: 1197 daAuts
     D:8: 1171 daAuts
     D:7: 1152 daAuts
  Lair:3: 1097 daAuts
  Lair:4: 1078 daAuts
     D:2: 1030 daAuts
   Orc:2: 1014 daAuts
